AoeStats
← Reis

Socotra

506628120Analyzed
4v4 RM · 19d ago on Sep 14, 2026· 21m 12s· 8 players
Game mode
Random Map
Map size
148×148
Population
200
Speed
Normal
Resources
Standard
Victory
Conquest
Starting age
Dark Age
Ending age
Imperial Age
RankedLock teamsTeams togetherTeam positionsShared explorationLock speedFull tech treeHidden civsTurbo modeCheats
Victory
Defeat
🇦🇷 Jurchens · Argentina
1391
+18
🇦🇷 Bengalis · Argentina
1390
+18
🇩🇪 Japanese · Germany
1363
+19
🇩🇪 Khmer · Germany
1338
+19
🇦🇺 Lithuanians · Australia
1477
-22
🇨🇳 Maya · China
1448
-19
🇨🇳 Japanese · China
1418
-18
🇨🇭 Bulgarians · Switzerland
1345
-15
FloAoE
6:09 Loom
10:39 Feudal Age
11:31 Double-Bit Axe
15:59 Horse Collar
16:45 Fletching
18:07 Padded Archer Armor
22:44 Castle Age
21:11 Gold Mining
Krabbel
5:41 Loom
8:24 Feudal Age
12:22 Forging
13:17 Double-Bit Axe
18:01 Scale Barding Armor
21:50 Castle Age
19:35 Horse Collar
20:45 Bloodlines
21:27 Gold Mining
sk
8:05 Loom
10:02 Feudal Age
12:28 Man-at-Arms
15:55 Forging
18:11 Wheelbarrow
18:18 Scale Barding Armor
19:02 Gold Mining
19:10 Double-Bit Axe
19:46 Horse Collar
21:09 Bloodlines
poi
7:13 Loom
9:48 Feudal Age
10:37 Double-Bit Axe
13:35 Fletching
15:21 Horse Collar
19:36 Wheelbarrow
21:59 Castle Age
20:20 Padded Archer Armor
Reis
0:28 Loom
9:59 Feudal Age
13:34 Loom
16:51 Castle Age
MaXimus
8:34 Feudal Age
7:19 Loom
10:04 Double-Bit Axe
10:52 Horse Collar
16:11 Scale Barding Armor
hoot
5:32 Loom
14:06 Feudal Age
适才相戏尔
0:26 Loom
9:47 Feudal Age
10:24 Double-Bit Axe
11:47 Gold Mining
16:22 Fletching
17:56 Padded Archer Armor
Connection lost

Rejoining the realm…

Still unreachable

The connection could not be restored.

Session expired

The server has moved on; the page needs a fresh start.